 Dungeon Crawl Stone Soup version 0.24-a0-725-gf1a930fc54 (webtiles) character file.

Game seed: 18211138784895500225, levelgen mode: deterministic

44 Peloso the Shield-Bearer (level 3, 0/33 HPs)
             Began as a Minotaur Fighter on Oct 1, 2019.
             Slain by a gnoll
             ... wielding a +0 halberd
              (7 damage)
             ... on level 2 of the Dungeon.
             The game lasted 00:01:48 (641 turns).

Peloso the Shield-Bearer (Minotaur Fighter)          Turns: 641, Time: 00:01:49

Health: 0/33       AC:  7    Str: 20    XL:     3   Next: 41%
Magic:  2/2        EV:  7    Int:  5    God:
Gold:   32         SH:  9    Dex: 10    Spells: 2/2 levels left

rFire    . . .     SeeInvis .   a - +0 long sword
rCold    . . .     Gourm    .   c - +0 shield
rNeg     . . .     Faith    .   b - +0 scale mail
rPois    .         Spirit   .   (helmet restricted)
rElec    .         Reflect  .   (no cloak)
rCorr    .         Harm     .   (no gloves)
MR       .....                  (no boots)
Stlth    ..........             (no amulet)
HPRegen  0.11/turn              (no ring)
MPRegen  0.08/turn              (no ring)

@: no status effects
A: retaliatory headbutt, horns 2
a: no special abilities


You were on level 2 of the Dungeon.
You were not hungry.

You visited 1 branch of the dungeon, and saw 2 of its levels.

You collected 32 gold pieces.

Inventory:

Hand Weapons
 a - a +0 long sword (weapon)
Armour
 b - a +0 scale mail (worn)
 c - a +0 shield (worn)
Scrolls
 g - a scroll of enchant armour {unknown}
 i - a scroll of blinking {unknown}
 j - 2 scrolls of identify {unknown}
 k - a scroll of remove curse {unknown}
 l - a scroll of noise {unknown}
Potions
 d - 2 potions of might
 e - a potion of mutation {unknown}
 h - a potion of berserk rage {unknown}
Comestibles
 f - 3 rations


   Skills:
 + Level 4.2 Fighting
 + Level 2.4 Long Blades
 + Level 4.1 Armour
 + Level 0.5 Dodging
 + Level 4.5 Shields


You had 2 spell levels left.
You didn't know any spells.
Your spell library was empty.

Dungeon Overview and Level Annotations

Branches:
Dungeon (2/15)

Altars:


Innate Abilities, Weirdness & Mutations

You reflexively headbutt those who attack you in melee.
You have a pair of horns on your head.


Message History

The gnoll is heavily wounded.
You block the gnoll's attack.
You closely miss the gnoll. You headbutt the gnoll.
The gnoll is almost dead.
The gnoll hits you but does no damage. You block the gnoll's attack.
Your shield and scale mail prevent you from hitting the gnoll.
You headbutt the gnoll.
You kill the gnoll!
You block the kobold's attack.
You closely miss the kobold.
You headbutt the kobold, but do no damage.
The gnoll hits you from afar with a +0 halberd!
* * * LOW HITPOINT WARNING * * *
You block the kobold's attack.
You closely miss the kobold. You block the gnoll's attack.
The kobold hits you but does no damage.
You barely miss the kobold. The gnoll closely misses you.
You block the kobold's attack. The kobold hits you but does no damage.
The gnoll hits you from afar with a +0 halberd!
You die...

#...............####.....
#...............#†.#.....
#..........†........†....
#..........†......####.#.
##........)....#### #...
##...........########...
######.#######.........
#.# #....<.... #@#
#......... #K# #.........
#g# #.>.....†. #g#
...........
########K####.######>....
##.....#(g...#.# #.....
#.......†......# .......
.......(.......# #.##....
.....>.........# ...
.....


You could see 2 gnolls, a goblin and 2 kobolds.

Vanquished Creatures
  A gnoll (D:2)
  An ooze (D:1)
  A worm (D:2)
  A dart slug (D:1)
  A ball python (D:2)
  4 hobgoblins
  4 jackals (D:2)
  3 bats
  2 frilled lizards (D:1)
  4 goblins
  A kobold (D:2)
  2 rats
25 creatures vanquished.

Notes
Turn   | Place    | Note
-------+----------+-------------------------------------------
     0 | D:1      | Peloso the Minotaur Fighter began the quest for the Orb.
     0 | D:1      | Reached XP level 1. HP: 19/19 MP: 0/0
   242 | D:1      | Reached XP level 2. HP: 26/27 MP: 1/1
   607 | D:2      | Reached XP level 3. HP: 17/33 MP: 2/2
   641 | D:2      | Slain by a gnoll

Levels and vault maps discovered:
D:1:      wheals_arrival_linesprint, layout_rooms
D:2:      layout_rooms, nicolae_overflow_crystal_walls, lemuel_round_altar,
          minmay_misc_feat_diagonals

Skill      XL: |  1  2 |
---------------+-------+-----
Shields        | 4 |  4.5
Fighting       | 4 |  4.2
Armour         | 4 |  4.1
Long Blades    | |  2.4
Dodging        | |  0.5

Action                   || total
-------------------------++-------
Melee: Long sword        ||    65
       Headbutt          ||    16
  Use: Potion            ||     5
Armor: Scale mail        ||    31
Dodge: Dodged            ||    22
Block: Shield            ||    47
       Rpst.: Long sword ||     6

Table legend:
 A = Non-vault XP
 B = Vault XP
 C = Vault XP percentage of total XP
 D = Non-vault monster count
 E = Vault monster count
 F = Vault count percentage of total count
                 A         B        C        D         E       F
            +---------+---------+-------+---------+---------+-------
      Total |      64 |       0 |   0.0 |      25 |       0 |   0.0
            +---------+---------+-------+---------+---------+-------
        D:1 |      20 |       0 |   0.0 |       9 |       0 |   0.0
        D:2 |      44 |       0 |   0.0 |      16 |       0 |   0.0
            +---------+---------+-------+---------+---------+-------
